[Event "K11"]
[Site "?"]
[Date "2025.07.30"]
[Round "6"]
[White "Vesely, Jaromir"]
[Black "Tich , Petr"]
[Result "0-1"]
[ECO "D52"]
[WhiteElo "1924"]
[BlackElo "1967"]
[Annotator ",martin-koller@seznam"]
[PlyCount "116"]
[TimeControl "240+2"]

{600MB, Fritz10.ctg} 1. d4 d5 2. c4 c6 3. Nc3 Nf6 4. Nf3 e6 5. Bg5 Nbd7 6. e3
Qa5 7. Bxf6 Nxf6 8. Bd3 dxc4 9. Bxc4 Nd5 10. Qb3 Bb4 11. Rc1 O-O 12. O-O Bxc3
13. bxc3 Qc7 14. Bd3 c5 15. Bb1 c4 16. Qc2 g6 17. g3 b6 18. e4 Ne7 19. Qd2 Kg7
20. Ne5 h5 21. f4 f6 22. Nf3 Bb7 23. h4 Rad8 24. Kh2 Ng8 25. f5 exf5 26. exf5
Nh6 27. Qf4 Ng4+ 28. Kh3 Qxf4 29. gxf4 Bc8 30. Rce1 Bxf5 31. Bxf5 gxf5 32. Re7+
Rf7 33. Rfe1 Nf2+ 34. Kg2 Ne4 35. Rxf7+ Kxf7 36. Re3 Rd5 37. Ng1 Ra5 38. Ne2
Rxa2 39. Kf1 Ra1+ 40. Kg2 Re1 41. Kf3 a5 42. d5 a4 43. Nd4 Rxe3+ 44. Kxe3 Nxc3
45. d6 Nd5+ 46. Kd2 Ke8 47. Nxf5 b5 48. Ng7+ Kd7 49. Nxh5 Kxd6 50. Ng3 Nxf4 51.
h5 b4 52. h6 Ng6 53. Ne4+ Ke5 54. Nc5 a3 55. Kc1 b3 56. h7 f5 57. Na4 Nh8 58.
Nb6 Kd4 0-1

[Event "K11"]
[Site "?"]
[Date "2025.07.30"]
[Round "6"]
[White "Pokorny, Jan"]
[Black "Spindler, Markus"]
[Result "1-0"]
[ECO "D00"]
[WhiteElo "1802"]
[BlackElo "1883"]
[Annotator ",martin-koller@seznam"]
[PlyCount "121"]
[TimeControl "240+2"]

{600MB, Fritz10.ctg} 1. d4 d5 2. b3 e6 3. e3 f5 4. Nf3 Nf6 5. Be2 Bd6 6. Nbd2
O-O 7. O-O Qe7 8. c4 c6 9. c5 Bc7 10. b4 Nbd7 11. Bb2 Ne4 12. Ne5 Ndf6 13. f3
Ng5 14. a4 a6 15. Qb3 Bd7 16. Rfc1 Rfb8 17. Ba3 Be8 18. Qc2 Nf7 19. f4 Nh6 20.
h3 Bh5 21. Qd1 Bxe2 22. Qxe2 Ne4 23. Nxe4 fxe4 24. b5 Bxe5 25. fxe5 Nf5 26.
bxc6 bxc6 27. Rcb1 Qg5 28. Bc1 Rf8 29. Qg4 Qxg4 30. hxg4 Ne7 31. Rb7 Kf7 32.
Rab1 Rfc8 33. Bd2 a5 34. Rd7 Rcb8 35. Rxb8 Rxb8 36. Bxa5 Ke8 37. Ra7 Rb1+ 38.
Kf2 Rb2+ 39. Kf1 Rb1+ 40. Be1 Rb3 41. Kf2 Rb2+ 42. Kf1 Rb3 43. Bh4 Ng6 44. Be1
Rxe3 45. a5 Nf4 46. Bd2 Rd3 47. Bxf4 Rxd4 48. Rxg7 Ra4 49. Bd2 e3 50. Bxe3 Rxa5
51. Rxh7 Ra4 52. g5 Rg4 53. Rc7 d4 54. Bd2 Kf8 55. Rxc6 Kf7 56. Rd6 Re4 57. c6
Rxe5 58. Rxd4 Rc5 59. Rf4+ Kg8 60. Rf8+ Kg7 61. Rc8 1-0

[Event "K12"]
[Site "?"]
[Date "2025.07.30"]
[Round "6"]
[White "Algars, Olle"]
[Black "Suchy, Ladislav"]
[Result "1-0"]
[ECO "A20"]
[WhiteElo "1870"]
[BlackElo "1852"]
[Annotator ",martin-koller@seznam"]
[PlyCount "54"]
[TimeControl "240+2"]

{600MB, Fritz10.ctg} 1. c4 e5 2. Nf3 Nc6 3. d4 exd4 4. Nxd4 d5 5. cxd5 Qxd5 6.
Be3 Nf6 7. Nc3 Bb4 8. Nxc6 bxc6 9. Qd4 Bxc3+ 10. Qxc3 Ne4 11. Qxg7 Qa5+ 12. Kd1
Qd5+ 13. Qd4 Be6 14. Ke1 O-O 15. f3 Nd6 16. Qf6 Qf5 17. Qc3 Rab8 18. Bh6 f6 19.
Bxf8 Kxf8 20. e3 Qg5 21. Kf2 Nf5 22. g3 Rxb2+ 23. Qxb2 Qxe3+ 24. Kg2 Qg5 25.
Qb8+ Kg7 26. Qxc7+ Kg6 27. Qf4 Ne3+ 1-0

[Event "K12"]
[Site "?"]
[Date "2025.07.30"]
[Round "6"]
[White "Hentzgen, Thomas"]
[Black "Macha, Vaclav"]
[Result "1/2-1/2"]
[ECO "D05"]
[WhiteElo "1930"]
[BlackElo "1875"]
[Annotator ",martin-koller@seznam"]
[PlyCount "44"]
[TimeControl "240+2"]

{600MB, Fritz10.ctg} 1. Nf3 Nf6 2. b3 e6 3. Bb2 b6 4. e3 Bb7 5. d4 d5 6. Bd3
Bd6 7. O-O O-O 8. Ne5 Nbd7 9. f4 c5 10. Nd2 cxd4 11. exd4 a6 12. Qf3 Re8 13.
Rae1 Nf8 14. Qh3 Qc7 15. f5 Ne4 16. fxe6 f6 17. Nxe4 dxe4 18. Bc4 Re7 19. Nf7
b5 20. Nxd6 Qxd6 21. Be2 Nxe6 22. c3 Ng5 1/2-1/2

[Event "K12"]
[Site "?"]
[Date "2025.07.30"]
[Round "6"]
[White "Rull, Michael"]
[Black "Marsalek, Lubos"]
[Result "0-1"]
[ECO "D02"]
[WhiteElo "1846"]
[BlackElo "1906"]
[Annotator ",martin-koller@seznam"]
[PlyCount "44"]
[TimeControl "240+2"]

{600MB, Fritz10.ctg} 1. d4 d5 2. Bf4 c5 3. e3 Nc6 4. Nf3 Nf6 5. c3 Qb6 6. Qc2
g6 7. dxc5 Qxc5 8. Bd3 Bg7 9. Nbd2 Nh5 10. Nb3 Qb6 11. Bg3 e5 12. Be2 Nxg3 13.
hxg3 Bf5 14. Qd2 O-O-O 15. O-O-O h6 16. Nh4 Be6 17. Kb1 Kb8 18. Bd3 d4 19. exd4
exd4 20. Qc2 dxc3 21. bxc3 Na5 22. Kb2 Rc8 0-1

[Event "K12"]
[Site "?"]
[Date "2025.07.30"]
[Round "6"]
[White "Schoenmakers, Nico"]
[Black "Korenek, Frantisek"]
[Result "1/2-1/2"]
[ECO "B40"]
[WhiteElo "1856"]
[BlackElo "1968"]
[Annotator ",martin-koller@seznam"]
[PlyCount "78"]
[TimeControl "240+2"]

{600MB, Fritz10.ctg} 1. e4 c5 2. Nf3 e6 3. d4 cxd4 4. Nxd4 a6 5. Be3 Nf6 6. Nc3
Bb4 7. a3 Ba5 8. b4 Bc7 9. f3 Nc6 10. Nxc6 bxc6 11. Bc4 d5 12. exd5 cxd5 13.
Bb3 O-O 14. O-O Be5 15. Bd4 Qc7 16. Na4 Bd7 17. Nc5 Bxh2+ 18. Kh1 Be5 19. f4
Bxd4 20. Qxd4 Bb5 21. Rf3 Ne4 22. Nxe4 dxe4 23. Rg3 g6 24. Qxe4 Bc6 25. Qe3
Rad8 26. c4 Rd7 27. Rd1 Rfd8 28. Rxd7 Rxd7 29. a4 Qd8 30. b5 Ba8 31. c5 axb5
32. axb5 Bd5 33. c6 Rd6 34. Rh3 Qa5 35. Qc3 Qxb5 36. Bxd5 Rxd5 37. c7 Qf1+ 38.
Kh2 Qxf4+ 39. Rg3 Qh4+ 1/2-1/2

[Event "K12"]
[Site "?"]
[Date "2025.07.30"]
[Round "6"]
[White "Feierfeil, Jiri"]
[Black "Svoboda, Daniel"]
[Result "0-1"]
[ECO "D24"]
[WhiteElo "1738"]
[BlackElo "1941"]
[Annotator ",martin-koller@seznam"]
[PlyCount "112"]
[TimeControl "240+2"]

{600MB, Fritz10.ctg} 1. d4 d5 2. Nf3 Nf6 3. c4 dxc4 4. Nc3 e6 5. e4 Be7 6. Bxc4
O-O 7. O-O a6 8. a4 b6 9. h3 Bb7 10. Re1 Bb4 11. Bd3 h6 12. Bf4 Nbd7 13. Qe2 c5
14. Bd6 Re8 15. e5 Nd5 16. Nxd5 exd5 17. Nd2 Nf8 18. dxc5 Bxc5 19. Bxc5 bxc5
20. Bf5 Qg5 21. Bg4 Ng6 22. Nf3 Qe7 23. Qd2 Nf8 24. Rac1 d4 25. Qc2 Ne6 26. Nd2
Nf4 27. e6 fxe6 28. g3 h5 29. Bf5 d3 30. Bxd3 Nxh3+ 31. Kf1 Rf8 32. Re2 h4 33.
Bf5 Nxf2 34. Bxe6+ Kh8 35. Qg6 Ng4+ 36. Ke1 Nh6 37. Bf5 Qxe2+ 38. Kxe2 Rxf5 39.
Rf1 Re5+ 40. Kd1 h3 41. Nf3 Rd8+ 42. Kc1 Bxf3 43. Rxf3 Re1+ 44. Kc2 h2 45. Rf7
Re2+ 46. Kb3 Nxf7 47. Qh5+ Kg8 48. a5 Rb8+ 49. Kc4 Rexb2 50. g4 R8b4+ 51. Kd5
c4 52. Ke6 Re2+ 53. Kd7 c3 54. g5 Rd2+ 55. Ke6 Re4+ 56. Kf5 Nd6+ 0-1

[Event "M11"]
[Site "?"]
[Date "2025.07.31"]
[Round "7"]
[White "Kalisky, Vladimir"]
[Black "Tornberg, Carlos"]
[Result "1-0"]
[ECO "C05"]
[WhiteElo "2133"]
[BlackElo "2164"]
[Annotator ",martin-koller@seznam"]
[PlyCount "47"]
[TimeControl "240+2"]

{600MB, Fritz10.ctg} 1. e4 e6 2. d4 d5 3. Nd2 Nf6 4. e5 Nfd7 5. c3 c5 6. a3 Nc6
7. b4 cxd4 8. cxd4 Nxd4 9. Bb2 Nc6 10. f4 a6 11. Bd3 Be7 12. Ngf3 b5 13. Nd4
Nxd4 14. Bxd4 f5 15. O-O Nb6 16. Nb3 Nc4 17. Qf3 Bd7 18. g4 g6 19. gxf5 gxf5
20. Qh5+ Kf8 21. Kh1 h6 22. Bxf5 Ne3 23. Bg6 Nxf1 24. Rxf1 1-0

[Event "M11"]
[Site "?"]
[Date "2025.07.31"]
[Round "7"]
[White "Hanl, Frantisek"]
[Black "Karlsson, Marcus"]
[Result "1-0"]
[ECO "A01"]
[WhiteElo "2136"]
[BlackElo "2006"]
[Annotator ",martin-koller@seznam"]
[PlyCount "77"]
[TimeControl "240+2"]

{600MB, Fritz10.ctg} 1. b3 d5 2. Bb2 c5 3. e3 Nc6 4. Bb5 Bd7 5. f4 a6 6. Bxc6
Bxc6 7. Nf3 Nf6 8. O-O g6 9. Ne5 Rc8 10. g4 d4 11. g5 Nh5 12. d3 Bg7 13. Nxc6
Rxc6 14. e4 h6 15. Nd2 hxg5 16. fxg5 Be5 17. Nf3 Bf4 18. Bc1 Qd7 19. Rf2 Be3
20. Bxe3 dxe3 21. Rg2 Nf4 22. Rg3 e2 23. Qd2 e5 24. Qc3 Nh3+ 25. Kg2 Nf4+ 26.
Kh1 Qd4 27. Nxd4 cxd4 28. Qa5 b5 29. Qd2 O-O 30. Rc1 Rfc8 31. Rgg1 Rc3 32. Rge1
a5 33. Rxe2 Nxe2 34. Qxe2 a4 35. Qd2 axb3 36. axb3 Ra8 37. Kg1 Ra2 38. Qf2 f5
39. exf5 1-0

[Event "M11"]
[Site "?"]
[Date "2025.07.31"]
[Round "7"]
[White "Schaefer, Martin"]
[Black "Hartwig, Maik"]
[Result "1-0"]
[ECO "A50"]
[WhiteElo "1983"]
[BlackElo "1970"]
[Annotator ",martin-koller@seznam"]
[PlyCount "127"]
[TimeControl "240+2"]

{600MB, Fritz10.ctg} 1. d4 e6 2. c4 b6 3. e4 Bb7 4. Bd3 Nf6 5. Nc3 d5 6. cxd5
exd5 7. e5 Ne4 8. Nge2 Nxc3 9. bxc3 Qd7 10. O-O Nc6 11. f4 O-O-O 12. f5 Kb8 13.
a4 Na5 14. Nf4 Re8 15. Ra2 f6 16. Ne6 fxe5 17. dxe5 Rxe6 18. fxe6 Qxe6 19. Qe2
Bc5+ 20. Kh1 Nc6 21. Bf4 d4 22. Bc4 Qe8 23. cxd4 Nxd4 24. Qg4 g6 25. e6 Rf8 26.
Re1 Nf5 27. Bb5 Bc6 28. Bxc6 Qxc6 29. Qf3 Qxf3 30. gxf3 Nd4 31. Bh6 Re8 32. Kg2
Rxe6 33. Rxe6 Nxe6 34. Re2 Nd4 35. Re8+ Kb7 36. Rh8 Nf5 37. Rxh7 Nxh6 38. Rxh6
g5 39. h4 gxh4 40. f4 Kc8 41. Rxh4 Bd6 42. Kf3 Kd7 43. Ke4 a6 44. Rh7+ Ke6 45.
f5+ Kf6 46. Rh6+ Kf7 47. Kd5 b5 48. a5 b4 49. Kc4 Ke7 50. Re6+ Kd7 51. Kd5 b3
52. Kc4 b2 53. Re1 Be5 54. Kb3 c5 55. Kc2 Kd6 56. Rh1 Bf6 57. Re1 Be5 58. Rf1
Ke7 59. Rh1 Bc7 60. Kxb2 Bxa5 61. Rh6 Be1 62. Rxa6 Bf2 63. Kb3 Bd4 64. Kc4 1-0

[Event "M11"]
[Site "?"]
[Date "2025.07.31"]
[Round "7"]
[White "Reichmann, Steffen"]
[Black "Silwer, Martin"]
[Result "1-0"]
[ECO "B06"]
[WhiteElo "1996"]
[BlackElo "1989"]
[Annotator ",martin-koller@seznam"]
[PlyCount "167"]
[TimeControl "240+2"]

{600MB, Fritz10.ctg} 1. e4 g6 2. h4 d5 3. exd5 Qxd5 4. Nc3 Qa5 5. Bc4 Nf6 6. d3
c6 7. Be3 Bg7 8. Qd2 Nbd7 9. f3 Nb6 10. Bb3 Nfd5 11. Nxd5 Qxd2+ 12. Bxd2 Nxd5
13. O-O-O h5 14. Ne2 Be6 15. c4 Nc7 16. Be3 Bf5 17. Ng3 Bd7 18. Rhe1 b6 19. Bf2
c5 20. d4 cxd4 21. Bxd4 Bxd4 22. Rxd4 Ne6 23. Rd2 Rc8 24. Kb1 a5 25. Red1 Nc5
26. Bc2 Be6 27. b3 O-O 28. Ne4 Nxe4 29. Bxe4 a4 30. Kb2 axb3 31. axb3 Rc5 32.
Rd8 Rc8 33. Rxf8+ Kxf8 34. Ra1 Ke8 35. Ra7 Rb8 36. Bc6+ Kd8 37. Kc3 Rc8 38. Bb7
Rc7 39. Ra8+ Kd7 40. Ba6 Kc6 41. Rb8 Ra7 42. Bb5+ Kc7 43. Re8 Kd6 44. Ba4 f6
45. Kb4 Ra5 46. Rd8+ Kc7 47. Rd2 g5 48. Re2 Kd6 49. c5+ Rxc5 50. hxg5 Rxg5 51.
Be8 h4 52. Rc2 Rc5 53. Rd2+ Kc7 54. Re2 Kd6 55. Rd2+ Rd5 56. Rc2 Bd7 57. Bf7
Rd4+ 58. Kc3 e5 59. Bc4 Bc6 60. Ra2 b5 61. Be2 b4+ 62. Kc2 e4 63. Ra6 Kc5 64.
Ra5+ Kb6 65. Rf5 e3 66. Bd3 h3 67. gxh3 Rd6 68. h4 Re6 69. Kd1 Be8 70. Ke2 Bg6
71. Rb5+ Kc6 72. Ra5 Bxd3+ 73. Kxd3 Re8 74. Ke2 Kb6 75. Rf5 Re6 76. h5 Kc6 77.
h6 Kd7 78. h7 Re8 79. Rxf6 Ke7 80. Rh6 Rh8 81. Kxe3 Kf7 82. Rh4 Kg6 83. Kd4 Kg5
84. Rh3 1-0

[Event "M11"]
[Site "?"]
[Date "2025.07.31"]
[Round "7"]
[White "Feldheim, Jonas"]
[Black "Aubrecht, Petr"]
[Result "1/2-1/2"]
[ECO "B23"]
[WhiteElo "2118"]
[BlackElo "2015"]
[Annotator ",martin-koller@seznam"]
[PlyCount "134"]
[TimeControl "240+2"]

{600MB, Fritz10.ctg} 1. e4 c5 2. Nc3 Nc6 3. Bb5 Nd4 4. Nf3 Nxb5 5. Nxb5 d6 6.
d4 Bd7 7. Nc3 cxd4 8. Qxd4 Nf6 9. Bg5 Bc6 10. O-O-O Qb6 11. Rhe1 h6 12. Bxf6
gxf6 13. Nd5 Qxd4 14. Nxd4 Rc8 15. Rd3 Rg8 16. Rg3 Rxg3 17. hxg3 Bxd5 18. exd5
Rc5 19. c3 Rxd5 20. Kc2 Rc5 21. b4 Rc8 22. Kb3 e6 23. c4 Kd7 24. g4 Bg7 25. Rd1
a6 26. f4 Rg8 27. Nc2 h5 28. gxh5 Bh6 29. Ne1 Bxf4 30. Rd3 Ke7 31. Ka4 Rc8 32.
g3 Be5 33. Ka5 Rxc4 34. Nf3 Bxg3 35. h6 Rc8 36. Kb6 Rh8 37. Kxb7 Rxh6 38. Kxa6
e5 39. Nd4 exd4 40. Rxg3 Rh2 41. a4 Kd7 42. b5 Ra2 43. a5 Kc7 44. b6+ Kc6 45.
Rb3 d3 46. b7 d2 47. Rb6+ Kd7 48. Rb1 Rb2 49. Rxb2 d1=Q 50. b8=Q Qc1 51. Qb7+
Kd8 52. Rb6 Qc4+ 53. Ka7 Qc5 54. a6 f5 55. Qc6 Qe3 56. Qxd6+ Kc8 57. Qf8+ Kc7
58. Qxf7+ Kc8 59. Qb7+ Kd8 60. Ka8 Qd4 61. Qf7 Qxb6 62. Qf8+ Kc7 63. Qe7+ Kc6
64. Qb7+ Kc5 65. Qc8+ Kd6 66. Qb8+ Qc7 67. Qf8+ Ke6 1/2-1/2

[Event "K11"]
[Site "?"]
[Date "2025.07.31"]
[Round "7"]
[White "Dome, Michal"]
[Black "Schimmer, Michael"]
[Result "1/2-1/2"]
[ECO "E11"]
[WhiteElo "1963"]
[BlackElo "1819"]
[Annotator ",martin-koller@seznam"]
[PlyCount "39"]
[TimeControl "240+2"]

{600MB, Fritz10.ctg} 1. d4 Nf6 2. c4 e6 3. Nf3 d5 4. g3 Bb4+ 5. Bd2 a5 6. a3
Bxd2+ 7. Nbxd2 O-O 8. Bg2 dxc4 9. Nxc4 Nbd7 10. O-O c5 11. Nd6 Qb6 12. Nc4 Qa6
13. Rc1 Rb8 14. dxc5 Nxc5 15. Nfe5 a4 16. Nd6 Nb3 17. Rxc8 Rbxc8 18. Nxc8 Rxc8
19. Nd7 Ne8 20. Ne5 1/2-1/2

[Event "K11"]
[Site "?"]
[Date "2025.07.31"]
[Round "7"]
[White "Tichy, Petr"]
[Black "Lebeda, Frantisek"]
[Result "1-0"]
[ECO "D30"]
[WhiteElo "1967"]
[BlackElo "1857"]
[Annotator ",martin-koller@seznam"]
[PlyCount "33"]
[TimeControl "240+2"]

{600MB, Fritz10.ctg} 1. Nf3 d5 2. b3 Nf6 3. Bb2 e6 4. c4 c5 5. cxd5 exd5 6. g3
Be7 7. Bg2 Nc6 8. O-O O-O 9. d4 cxd4 10. Nxd4 Bc5 11. e3 Nxd4 12. Bxd4 b6 13.
Nc3 Ba6 14. Re1 Bb7 15. Bxf6 Qxf6 16. Nxd5 Qd6 17. b4 1-0

[Event "K11"]
[Site "?"]
[Date "2025.07.31"]
[Round "7"]
[White "Plesnivy, Martin"]
[Black "Vesely, Jaromir"]
[Result "0-1"]
[ECO "A84"]
[WhiteElo "1801"]
[BlackElo "1924"]
[Annotator ",martin-koller@seznam"]
[PlyCount "36"]
[TimeControl "240+2"]

{600MB, Fritz10.ctg} 1. d4 d5 2. Nf3 e6 3. c4 f5 4. cxd5 exd5 5. Ne5 Nf6 6. Nc3
c6 7. Bd2 Bd6 8. f4 O-O 9. e3 Be6 10. Bd3 Nbd7 11. Qc2 Ne4 12. Bxe4 fxe4 13.
O-O-O Bxe5 14. dxe5 Nc5 15. Kb1 Nd3 16. Rdf1 b5 17. Qb3 Qd7 18. h3 d4 0-1

[Event "K11"]
[Site "?"]
[Date "2025.07.31"]
[Round "7"]
[White "Spindler, Markus"]
[Black "Smisek, Robin"]
[Result "0-1"]
[ECO "B22"]
[WhiteElo "1883"]
[BlackElo "1823"]
[Annotator ",martin-koller@seznam"]
[PlyCount "80"]
[TimeControl "240+2"]

{600MB, Fritz10.ctg} 1. e4 c5 2. c3 d5 3. exd5 Qxd5 4. d4 Nf6 5. Nf3 e6 6. Be3
Nc6 7. Nbd2 cxd4 8. cxd4 Bb4 9. a3 Bxd2+ 10. Qxd2 O-O 11. Be2 b6 12. O-O Bb7
13. Rac1 Rac8 14. Bc4 Qd8 15. b4 h6 16. Rfd1 Ne7 17. Ne5 Nf5 18. Qa2 Nd5 19.
Qe2 Ndxe3 20. fxe3 Qg5 21. Re1 Nxe3 22. g3 Nxc4 23. Nxc4 Ba6 24. Qf1 Rc7 25.
Re5 Qd8 26. Qd3 b5 27. Qe3 Rxc4 28. Rxc4 bxc4 29. b5 Bb7 30. Qc3 Qf6 31. a4 Rc8
32. a5 Qf3 33. Qxf3 Bxf3 34. Kf2 c3 35. Re1 c2 36. Rc1 Be4 37. Ke3 f5 38. Kf4
Rb8 39. b6 axb6 40. axb6 Rxb6 0-1

[Event "K11"]
[Site "?"]
[Date "2025.07.31"]
[Round "7"]
[White "Melerowicz, Thomas"]
[Black "Pokorny, Jan"]
[Result "1-0"]
[ECO "A06"]
[WhiteElo "1979"]
[BlackElo "1802"]
[Annotator ",martin-koller@seznam"]
[PlyCount "119"]
[TimeControl "240+2"]

{600MB, Fritz10.ctg} 1. Nf3 c5 2. b3 Nf6 3. Bb2 d5 4. e3 Bg4 5. Be2 Nbd7 6. c4
dxc4 7. bxc4 e6 8. h3 Bxf3 9. Bxf3 Be7 10. O-O O-O 11. d3 Qc7 12. Nc3 a6 13.
Qb3 Ne5 14. Be2 Nc6 15. Rfd1 Rfd8 16. Rab1 Rab8 17. Ba1 Nd7 18. Rd2 Bf6 19. Ne4
Bxa1 20. Rxa1 Qe5 21. Qc3 Qxc3 22. Nxc3 Nde5 23. Rad1 b5 24. cxb5 axb5 25. Nxb5
Rd7 26. d4 Rbd8 27. f4 Ng6 28. Bf3 Nb4 29. a3 Na6 30. Bc6 Re7 31. dxc5 Rxd2 32.
Rxd2 Nxc5 33. Rc2 Nb3 34. a4 Nf8 35. Nd4 Nxd4 36. exd4 Rc7 37. a5 Ra7 38. Ra2
g5 39. fxg5 Ng6 40. a6 Ne7 41. Bb7 Nf5 42. d5 Nd6 43. Bc6 e5 44. Kf2 Kf8 45.
Kf3 Ke7 46. Kg4 f6 47. gxf6+ Kxf6 48. h4 Rg7+ 49. Kf3 Ra7 50. g4 h6 51. Ke3 Kg6
52. Kd3 h5 53. g5 Nf5 54. Be8+ Kg7 55. Bxh5 e4+ 56. Kc4 e3 57. Kb5 Nd6+ 58. Kc5
Nc8 59. Bg4 Rc7+ 60. Kb5 1-0

[Event "K12"]
[Site "?"]
[Date "2025.07.31"]
[Round "7"]
[White "Marsalek, Lubos"]
[Black "Feierfeil, Jiri"]
[Result "1-0"]
[ECO "A30"]
[WhiteElo "1906"]
[BlackElo "1738"]
[Annotator ",martin-koller@seznam"]
[PlyCount "71"]
[TimeControl "240+2"]

{600MB, Fritz10.ctg} 1. c4 c5 2. Nf3 Nc6 3. g3 Nf6 4. Bg2 g6 5. b3 Bg7 6. Bb2
O-O 7. O-O e6 8. Nc3 d5 9. cxd5 Nxd5 10. e3 Nxc3 11. Bxc3 Bxc3 12. dxc3 Qf6 13.
Qd6 Qxc3 14. Rfc1 Qf6 15. Qxc5 e5 16. Nd2 Bd7 17. Ne4 Qe6 18. Nd6 b6 19. Qa3
Ne7 20. Bxa8 Rxa8 21. Rc4 b5 22. Rc7 a5 23. Qc5 Ra6 24. Nb7 Rc6 25. Rxc6 Nxc6
26. Rd1 Qh3 27. Qd5 Bg4 28. Nd6 Nd8 29. Rd2 Qh5 30. Qa8 Qg5 31. Ne4 Qf5 32.
Rxd8+ Kg7 33. Rg8+ Kh6 34. Qf8+ Kh5 35. Qe7 g5 36. Rxg5+ 1-0

[Event "K12"]
[Site "?"]
[Date "2025.07.31"]
[Round "7"]
[White "Macha, Vaclav"]
[Black "Algars, Olle"]
[Result "1-0"]
[ECO "D31"]
[WhiteElo "1875"]
[BlackElo "1870"]
[Annotator ",martin-koller@seznam"]
[PlyCount "57"]
[TimeControl "240+2"]

{600MB, Fritz10.ctg} 1. d4 d5 2. c4 e6 3. Nc3 c6 4. Nf3 dxc4 5. e4 b5 6. Be2
Nf6 7. O-O a6 8. Bg5 Be7 9. b3 cxb3 10. Qxb3 O-O 11. Rfd1 Bb7 12. Rac1 Nbd7 13.
e5 Nd5 14. Ne4 f6 15. exf6 gxf6 16. Bh4 Qb6 17. Bg3 c5 18. dxc5 Nxc5 19. Nxc5
Bxc5 20. Qc2 Ba3 21. Rb1 Rac8 22. Qe4 Nc3 23. Qg4+ Kh8 24. Rd7 Nxe2+ 25. Kf1
Nxg3+ 26. hxg3 Rg8 27. Qh4 Rg7 28. Qxf6 Rcg8 29. Ng5 1-0

[Event "K12"]
[Site "?"]
[Date "2025.07.31"]
[Round "7"]
[White "Suchy, Ladislav"]
[Black "Rull, Michael"]
[Result "1-0"]
[ECO "B33"]
[WhiteElo "1852"]
[BlackElo "1846"]
[Annotator ",martin-koller@seznam"]
[PlyCount "84"]
[TimeControl "240+2"]

{600MB, Fritz10.ctg} 1. e4 c5 2. Nf3 Nc6 3. d4 cxd4 4. Nxd4 e5 5. Nxc6 bxc6 6.
Bc4 Nf6 7. Nc3 Bc5 8. O-O O-O 9. Bg5 d6 10. Qf3 Be6 11. Bb3 h6 12. Bxf6 Qxf6
13. Qxf6 gxf6 14. Na4 Bb4 15. Rad1 Rfd8 16. Rd3 Kf8 17. Nc3 Bg4 18. f3 Bc5+ 19.
Kh1 Be6 20. g4 Ke7 21. Ne2 d5 22. exd5 cxd5 23. Ng3 Kf8 24. Rfd1 e4 25. Nxe4
dxe4 26. Rxd8+ Rxd8 27. Rxd8+ Ke7 28. Rd1 e3 29. Bxe6 fxe6 30. c3 h5 31. h3
hxg4 32. hxg4 f5 33. b4 Bd6 34. Kg2 Be5 35. Rd3 f4 36. Kf1 Kf6 37. c4 Kg5 38.
a4 Bf6 39. c5 Kh4 40. Rd6 Kg3 41. Ke2 Bc3 42. b5 e5 1-0

[Event "K12"]
[Site "?"]
[Date "2025.07.31"]
[Round "7"]
[White "Svoboda, Daniel"]
[Black "Schoenmakers, Nico"]
[Result "0-1"]
[ECO "B51"]
[WhiteElo "1941"]
[BlackElo "1856"]
[Annotator ",martin-koller@seznam"]
[PlyCount "100"]
[TimeControl "240+2"]

{600MB, Fritz10.ctg} 1. e4 c5 2. Nf3 d6 3. Bb5+ Nc6 4. O-O Bd7 5. Re1 e6 6. c3
Nge7 7. d4 cxd4 8. cxd4 a6 9. Ba4 d5 10. e5 Nf5 11. Nc3 Qb6 12. g4 Nh6 13. h3
Rc8 14. a3 Na5 15. Bxd7+ Kxd7 16. Na4 Qb5 17. b4 Nc4 18. Nd2 b6 19. Nb2 Nxb2
20. Bxb2 Be7 21. Rc1 Rxc1 22. Bxc1 Rc8 23. Nf1 Ng8 24. Qf3 Ke8 25. Bd2 Rc4 26.
Qd3 g6 27. Ne3 Rxb4 28. Qc3 Rb3 29. Qc8+ Bd8 30. Bb4 a5 31. Bd6 Rb1 32. Rxb1
Qxb1+ 33. Kg2 Qb5 34. f4 Qd7 35. Qc2 Be7 36. f5 Bxd6 37. exd6 Qxd6 38. Qc8+ Qd8
39. Qc6+ Kf8 40. fxe6 Ne7 41. Qd7 Qc8 42. Nxd5 Qc2+ 43. Kf3 Qd1+ 44. Kg2 Qd2+
45. Kf3 Qd1+ 46. Kf2 Qd2+ 47. Kg1 Qe1+ 48. Kg2 Qe4+ 49. Kg3 Qxd5 50. Qc7 Qxe6
0-1

[Event "K12"]
[Site "?"]
[Date "2025.07.31"]
[Round "7"]
[White "Korenek, Frantisek"]
[Black "Hentzgen, Thomas"]
[Result "1/2-1/2"]
[ECO "B30"]
[WhiteElo "1968"]
[BlackElo "1930"]
[Annotator ",martin-koller@seznam"]
[PlyCount "121"]
[TimeControl "240+2"]

{600MB, Fritz10.ctg} 1. e4 c5 2. Nf3 Nc6 3. Bb5 e6 4. O-O Nge7 5. Re1 a6 6. Bf1
d5 7. exd5 Nxd5 8. c3 Be7 9. d4 O-O 10. a4 b6 11. Na3 Bb7 12. Nc2 Qc7 13. Bg5
Nf4 14. g3 Ng6 15. Bg2 Rad8 16. Bxe7 Ncxe7 17. Qe2 Nd5 18. Qf1 Rd7 19. h4 Rfd8
20. h5 Nf8 21. Ne5 Re7 22. Qe2 Nf6 23. Bxb7 Qxb7 24. h6 gxh6 25. Qe3 Kg7 26.
dxc5 bxc5 27. Qxc5 Rc7 28. Qb4 Rd2 29. Qxb7 Rxb7 30. Nb4 a5 31. Nbc6 Rdxb2 32.
Nxa5 Rc7 33. Rec1 Ne4 34. Nd3 Rd2 35. Rd1 Rxd1+ 36. Rxd1 Nxc3 37. Ra1 Ra7 38.
Nb3 Rxa4 39. Rxa4 Nxa4 40. Nbc5 Nxc5 41. Nxc5 Ng6 42. Kg2 e5 43. g4 Ne7 44. Kf3
Kg6 45. Nd7 f6 46. Ke4 Kg5 47. f3 Ng6 48. Nc5 Nf8 49. Ke3 f5 50. gxf5 Kxf5 51.
Kf2 Ne6 52. Nd7 Ng5 53. Kg3 h5 54. Nxe5 Kxe5 55. f4+ Kf5 56. fxg5 Kxg5 57. Kh3
h4 58. Kh2 Kg4 59. Kh1 Kg3 60. Kg1 h3 61. Kh1 1/2-1/2

[Event "M11"]
[Site "?"]
[Date "2025.07.31"]
[Round "8"]
[White "Hartwig, Maik"]
[Black "Feldheim, Jonas"]
[Result "0-1"]
[ECO "A43"]
[WhiteElo "1970"]
[BlackElo "2118"]
[Annotator ",martin-koller@seznam"]
[PlyCount "39"]
[TimeControl "240+2"]

{600MB, Fritz10.ctg} 1. d4 d5 2. Nf3 c5 3. g3 cxd4 4. Nxd4 e5 5. Nf3 Nc6 6. Bg2
Nf6 7. Bg5 Be6 8. O-O h6 9. Bxf6 Qxf6 10. c3 Bc5 11. e3 O-O 12. Nbd2 Bb6 13.
Qe2 Rfe8 14. Qb5 Rad8 15. Rfd1 d4 16. cxd4 exd4 17. e4 d3 18. Rf1 Bg4 19. h3
Bxf3 20. Nxf3 0-1

[Event "M11"]
[Site "?"]
[Date "2025.07.31"]
[Round "8"]
[White "Tornberg, Carlos"]
[Black "Hanl, Frantisek"]
[Result "1-0"]
[ECO "B15"]
[WhiteElo "2164"]
[BlackElo "2136"]
[Annotator ",martin-koller@seznam"]
[PlyCount "49"]
[TimeControl "240+2"]

{600MB, Fritz10.ctg} 1. e4 c6 2. d4 d5 3. Nd2 dxe4 4. Nxe4 Nf6 5. Nxf6+ exf6 6.
c3 Bd6 7. Bd3 O-O 8. Ne2 Re8 9. O-O Na6 10. Be3 f5 11. c4 Nb4 12. a3 Nxd3 13.
Qxd3 Qh4 14. g3 Qe4 15. Rad1 b6 16. b4 Ba6 17. Qxe4 fxe4 18. Rc1 Rad8 19. Rfd1
f5 20. Bf4 Bxf4 21. Nxf4 h6 22. h4 c5 23. bxc5 bxc5 24. d5 Rb8 25. Ne6 neèitelné 1-0

[Event "M11"]
[Site "?"]
[Date "2025.07.31"]
[Round "8"]
[White "Karlsson, Marcus"]
[Black "Schaefer, Martin"]
[Result "0-1"]
[ECO "A85"]
[WhiteElo "2006"]
[BlackElo "1983"]
[Annotator ",martin-koller@seznam"]
[PlyCount "82"]
[TimeControl "240+2"]

{600MB, Fritz10.ctg} 1. Nf3 f5 2. d4 Nf6 3. c4 d6 4. Nc3 g6 5. Bg5 Nbd7 6. g3
Bg7 7. Qb3 h6 8. Bf4 O-O 9. h4 Nh5 10. O-O-O e6 11. Be3 Kh7 12. Bg2 Qe7 13. g4
fxg4 14. Ng5+ hxg5 15. hxg5 Rf5 16. Ne4 Kg8 17. Rh4 d5 18. cxd5 exd5 19. Ng3
Nxg3 20. Bxd5+ Rxd5 21. Qxd5+ Qf7 22. Qxf7+ Kxf7 23. fxg3 Nf8 24. Bf4 Bd7 25.
e4 c6 26. Rf1 Kg8 27. Be5 Bxe5 28. dxe5 Re8 29. Rfh1 Rxe5 30. Rh8+ Kg7 31. Kd2
Rxe4 32. Kd3 Re5 33. Kd4 Rxg5 34. Ke4 Rd5 35. Ke3 Bf5 36. a3 Rd3+ 37. Kf4 Rf3+
38. Ke5 Re3+ 39. Kd6 Rxg3 40. Ke7 Re3+ 41. Kd8 Rh3 0-1

[Event "K11"]
[Site "?"]
[Date "2025.07.31"]
[Round "8"]
[White "Melerowicz, Thomas"]
[Black "Tichy, Petr"]
[Result "1/2-1/2"]
[ECO "D94"]
[WhiteElo "1979"]
[BlackElo "1967"]
[Annotator ",martin-koller@seznam"]
[PlyCount "44"]
[TimeControl "240+2"]

{600MB, Fritz10.ctg} 1. Nf3 d5 2. e3 Nf6 3. c4 c6 4. Nc3 g6 5. d4 Bg7 6. Bd3
O-O 7. O-O Nbd7 8. b3 Re8 9. Bb2 dxc4 10. Bxc4 Nb6 11. Bd3 Nbd5 12. Rc1 Nxc3
13. Bxc3 Nd5 14. Bb2 e6 15. Qd2 Ne7 16. a4 b6 17. Ba3 Bb7 18. Qe2 a5 19. Rfd1
Qd5 20. Bc4 Qh5 21. Bxe7 Rxe7 22. Ne5 Qxe2 1/2-1/2